 Dungeon Crawl Stone Soup version 0.27-a0-1066-g29160eaed2 (webtiles) character file.

Game seed: 11616798671796975013

1528 Gaff the Conjurer (level 8, 0/59 HPs)
             Began as a White Draconian Conjurer on Apr 24, 2021.
             Was a Believer of Nemelex Xobeh.
             Slain by a shadow (3 damage)
             ... on level 6 of the Dungeon.
             The game lasted 00:30:54 (6875 turns).

Gaff the Conjurer (White Draconian Conjurer)        Turns: 6875, Time: 00:30:55

Health: 0/59       AC: 10    Str:  9    XL:     8   Next: 55%
Magic:  1/17       EV: 12    Int: 21    God:    Nemelex Xobeh [**....]
Gold:   158        SH:  6    Dex: 10    Spells: 12/19 levels left

rFire    + . .     SeeInvis .   v - +2 dagger (venom)
rCold    + . .     Faith    .   C - +2 buckler {rF+}
rNeg     . . .     Spirit   .   (armour unavailable)
rPois    .         Reflect  .   (helmet restricted)
rElec    .         Harm     .   (no cloak)
rCorr    .         Rampage  .   (no gloves)
Will     .....     NoTele   +   (no boots)
Stlth    ++........             (no amulet)
HPRegen  0.19/turn              s - +4 ring of protection
MPRegen  0.15/turn              H - ring of wizardry

@: immobile, very slightly contaminated
A: breathe frost, AC +6, unfitting armour, cold resistance 1, cold-blooded
a: Breathe Frost, Renounce Religion, Draw Escape, Draw Destruction, Draw
Summoning


You were on level 6 of the Dungeon.
You worshipped Nemelex Xobeh.
Nemelex Xobeh was pleased with you.
You visited 2 branches of the dungeon, and saw 8 of its levels.

You collected 158 gold pieces.

Inventory:

Hand Weapons
 e - a +0 dagger
 f - a +0 short sword
 l - a +0 dagger
 n - a +1 dagger of holy wrath
 v - a +2 dagger of venom (weapon)
 J - a +0 dagger
Missiles
 a - 28 sling bullets
 d - 225 stones
 t - 16 poisoned darts
 G - 6 boomerangs
 K - 6 javelins
Armour
 C - a +2 buckler of fire resistance (worn)
Jewellery
 h - a ring of flight
 k - a ring of positive energy
 s - a +4 ring of protection (left hand)
 w - a ring of protection from cold
 E - a ring of protection from cold
 H - a ring of wizardry (right hand)
 I - a ring of ice
Wands
 y - a wand of iceblast (11)
 A - a wand of flame (8)
Scrolls
 j - 2 scrolls of teleportation {unknown}
 o - a scroll of fear
 p - a scroll of enchant weapon
 q - 3 scrolls of enchant armour {unknown}
 r - a scroll of noise
 B - 2 scrolls of magic mapping {unknown}
 D - 3 scrolls of summoning {unknown}
 F - a scroll of blinking {unknown}
Potions
 b - 2 potions of mutation {unknown}
 c - a potion of heal wounds {unknown}
 g - 3 potions of attraction {unknown}
 i - a potion of flight {unknown}
 m - a potion of berserk rage
 u - 2 potions of curing
 x - 2 potions of degeneration {unknown}
 z - 2 potions of haste
 L - a potion of might {unknown}


   Skills:
 - Level 1.3 Fighting
 - Level 0.2 Short Blades
 - Level 2.6 Dodging
 - Level 2.0 Stealth
 + Level 2.5 Shields
 * Level 6.2 Spellcasting
 + Level 6.9 Conjurations
 + Level 3.1 Translocations
 + Level 3.4 Invocations


You had 12 spell levels left.
You knew the following spells:

 Your Spells              Type           Power      Damage    Failure   Level
a - Magic Dart            Conj           100%       1d8       1%          1
b - Searing Ray           Conj           70%        3d5       1%          2
c - Iskenderun's Mystic   Conj/Tloc      27%        2d7       6%          4

Your spell library contained the following spells:

 Spells                   Type           Power      Damage    Failure   Level
 Apportation              Tloc           38%        N/A       1%          1
 Dazzling Flash           Conj/Hex       42%        N/A       3%          3
 Lesser Beckoning         Tloc           9%         N/A       4%          3
 Fulminant Prism          Conj/Hex       10%        3d9       11%         4
 Tukima's Dance           Hex            6%         N/A       14%         3
 Alistair's Intoxication  Tmut/Pois      4%         N/A       75%         5
 Invisibility             Hex            6%         N/A       99%         6


Dungeon Overview and Level Annotations

Branches:
Dungeon (7/15)             Temple (1/1) D:6

Altars:
Ashenzari
Cheibriados
Dithmenos
Elyvilon
Fedhas
Gozag
Hepliaklqana
Kikubaaqudgha
Makhleb
Nemelex Xobeh
Okawaru
Qazlal
Ru
Trog
Uskayaw
Vehumet
Xom
Yredelemnul
Zin
The Shining One

Shops:
D:1 [

Annotations:
D:7 Harold


Innate Abilities, Weirdness & Mutations

You can breathe waves of freezing cold which knock back foes.
Your icy white scales are hard. (AC +6)
You cannot fit into any form of body armour.
Your flesh is cold resistant. (rC+)
You are cold-blooded and may be slowed by cold attacks.


Message History

Confirm with . or Enter, or press ? or * to list all spells.
Aiming: Searing Ray (safe; 1% risk of failure)
Press: ? - help, Shift-Dir - straight line, f - you
Okay, then.
Unknown command.
Casting: Searing Ray (safe; 1% risk of failure)
Confirm with . or Enter, or press ? or * to list all spells.
You erupt in a blast of force!
The mystic blast hits something.
Harold the Weathered comes into view.
He is wielding a +0 short sword and wearing a +1 chain mail of willpower.
Harold shouts!
You see here a water moccasin corpse.
Harold throws a throwing net.
The shadow strikes at you from the darkness!
* * * LOW HITPOINT WARNING * * *
Reactivating autopickup.
The shadow slips into darkness.
The shadow flickers and vanishes!
Deactivating autopickup; reactivate with Ctrl-A.
There is a stone staircase leading up here.
The shadow strikes at you from the darkness!
You climb upwards.
Reactivating autopickup.
There is a stone staircase leading down here.
The shadow strikes at you from the darkness!
* * * LOW HITPOINT WARNING * * *
Casting: Iskenderun's Mystic Blast (dangerous; 6% risk of failure)
Confirm with . or Enter, or press ? or * to list all spells.
You miscast Iskenderun's Mystic Blast.
You are very lightly contaminated with residual magic.
Strange energies run through your body.
You are magically locked in place.
The shadow hits you.
* * * LOW HITPOINT WARNING * * *
Casting: Iskenderun's Mystic Blast (dangerous; 6% risk of failure)
Confirm with . or Enter, or press ? or * to list all spells.
You erupt in a blast of force!
The mystic blast hits the shadow but does no damage.
The shadow is almost destroyed.
The shadow hits you.
You die...
Your body disappears without a glow.

### #.# ###.##
#.### .....#
#.#.##
..#.####....##
#.........(..#
###.####....##
#.##.....##
#.##...).########
#.##.......)>W@.#
#.##........###.#
# #.##.....##.#
#.# #
#.##.#.####.# #.#
###.##.#.#
#.###.#
.......#.#
#.....#
.........#
#.##.##
.#########
#####..# ##
##PPP##.#


You could see a shadow.

Vanquished Creatures
  Eustachio (D:5)
  2 water moccasins (D:7)
  2 necrophages (D:6)
  A centaur (D:6)
  3 ogres
  A kobold brigand (D:6)
  2 scorpions
  A water moccasin skeleton (D:5)
  A hound (D:6)
  A bullfrog zombie (D:6)
  An orc priest (D:4)
  2 iguanas
  A scorpion zombie (D:5)
  Natasha (D:3)
  An orc wizard (D:6)
  A hound zombie (D:5)
  A hound skeleton (D:4)
  4 adders
  3 gnolls (D:2)
  3 ufetubi
  A worm (D:2)
  A dart slug (D:1)
  9 orcs
  7 bats
  11 endoplasms
  2 giant cockroaches (D:3)
  7 goblins
  4 hobgoblins
  5 jackals
  8 kobolds
  5 quokkas
  5 ball pythons
  3 frilled lizards
  9 rats
110 creatures vanquished.

Vanquished Creatures (collateral kills)
  Ijyb (D:5)
  An adder (D:5)
  An orc (D:5)
3 creatures vanquished.

Vanquished Creatures (others)
  A plant (D:1)
1 creature vanquished.

Grand Total: 114 creatures vanquished

Notes
Turn   | Place    | Note
-------+----------+-------------------------------------------
     0 | D:1      | Gaff the Draconian Conjurer began the quest for the Orb.
     0 | D:1      | Reached XP level 1. HP: 14/14 MP: 3/3
   201 | D:1      | Reached XP level 2. HP: 11/20 MP: 1/5
  1044 | D:1      | Found Jojiqur's Armour Shoppe.
  1063 | D:1      | Learned a level 2 spell: Searing Ray
  1112 | D:1      | Reached XP level 3. HP: 26/26 MP: 1/6
  1650 | D:2      | Reached skill level 5 in Conjurations
  1944 | D:2      | Reached skill level 1 in Fighting
  1944 | D:2      | Reached XP level 4. HP: 35/35 MP: 2/7
  2119 | D:2      | You are sucked into a shaft and drop 2 floors!
  2134 | D:4      | Noticed a scorpion
  2438 | D:3      | Noticed Natasha
  2782 | D:3      | Found a hide-covered altar of Uskayaw.
  2976 | D:3      | Killed Natasha
  2977 | D:3      | Reached XP level 5. HP: 40/40 MP: 1/9
  3204 | D:3      | Found a faded altar of an unknown god.
  3216 | D:3      | Became a worshipper of Nemelex Xobeh the Trickster
  3216 | D:3      | Reached * piety under Nemelex Xobeh
  3689 | D:4      | Noticed an ogre
  3692 | D:4      | Killed an ogre
  3693 | D:4      | Reached XP level 6. HP: 47/47 MP: 6/12
  3887 | D:5      | Entered Level 5 of the Dungeon
  4449 | D:5      | Noticed Eustachio
  4457 | D:5      | Killed Eustachio
  4458 | D:5      | Reached skill level 1 in Translocations
  4458 | D:5      | Reached skill level 1 in Invocations
  4458 | D:5      | Your scales start taking on an icy white colour.
  4458 | D:5      | Reached XP level 7. HP: 52/52 MP: 5/13
  4458 | D:5      | Gained mutation: Your flesh is cold resistant. (rC+) [White
                  | Draconian growth]
  4573 | D:5      | Learned a level 4 spell: Iskenderun's Mystic Blast
  4695 | D:5      | Received a gift from Nemelex Xobeh
  4823 | D:5      | Noticed Ijyb
  4833 | D:5      | Killed Ijyb
  4890 | D:5      | Reached ** piety under Nemelex Xobeh
  4959 | D:5      | Found a faded altar of an unknown god.
  4959 | D:5      | Found a white marble altar of Elyvilon.
  4966 | D:5      | Found an ancient bone altar of Kikubaaqudgha.
  4969 | D:5      | Found a faded altar of an unknown god.
  4971 | D:5      | Found a bloodstained altar of Trog.
  5067 | D:5      | Identified a scroll of acquirement
  5372 | D:5      | Acquired a +2 buckler of fire resistance
  5648 | D:6      | Reached skill level 5 in Spellcasting
  5777 | D:6      | Found a hazy altar of Hepliaklqana.
  5777 | D:6      | Found a sacrificial altar of Ru.
  5797 | D:6      | Reached skill level 1 in Shields
  5879 | D:6      | Reached XP level 8. HP: 55/59 MP: 6/16
  6012 | D:6      | Found a glowing silver altar of Zin.
  6150 | D:6      | Received a gift from Nemelex Xobeh
  6318 | D:6      | Found a staircase to the Ecumenical Temple.
  6324 | Temple   | Entered the Ecumenical Temple
  6858 | D:7      | Noticed Harold
  6875 | D:6      | Slain by a shadow

Illustrated notes

Levels and vault maps discovered:
D:1:      shiori_arrival_elements, layout_basic, serial_shops,
          nicolae_shop_window_shopping, serial_glass, glass_columns_a,
          glass_columns_b, glass_columns_a, serial_bayou_lagoon_b
D:2:      layout_rooms, minmay_misc_feat_room
D:3:      layout_loops_ring, old_standard_altar, basic_ecumenical_altar,
          uniq_natasha
D:4:      layout_rooms
D:5:      layout_basic, chequers_temple_overflow_minitemple, uniq_eustachio,
          uniq_ijyb
D:6:      layout_loops_ring, gammafunk_temple_overflow_claw,
          minmay_temple_entry_enclosed_plants
D:7:      layout_layer_cave, amcnicky_altar_gilded, roderic_st_hans_cross,
          minivault_25, uniq_menkaure, uniq_joseph, uniq_harold, uniq_pikel
Temple:   cyrus_circular_temple

Skill      XL: |  1  2  3  4  5  6  7  8 |
---------------+-------------------------+-----
Stealth        | 2 |  2.0
Conjurations   | 5 6 |  6.9
Fighting       | 1 |  1.3
Dodging        | 2 |  2.6
Spellcasting   | 3 4 5 6 |  6.2
Translocations | 1 2 3 |  3.1
Invocations    | 1 2 3 |  3.4
Shields        | 1 2 |  2.5
Short Blades   | |  0.2

Action                   |  1- 3 |  4- 6 |  7- 9 || total
-------------------------+-------+-------+-------++-------
Melee: Unarmed           |     7 |       |       ||     7
       Tailslap          |     1 |     1 |     1 ||     3
       Dagger            |     1 |     6 |     4 ||    11
 Cast: Magic Dart        |    79 |    71 |    48 ||   198
       Searing Ray       |     3 |    12 |    17 ||    32
       Iskenderun's Myst |       |       |     2 ||     2
Invok: Draw Summoning    |       |       |     1 ||     1
       Draw Destruction  |       |       |     1 ||     1
  Use: Scroll            |       |     4 |     4 ||     8
 Stab: Sleeping          |       |     1 |       ||     1
Armor: Skin              |    16 |    13 |     9 ||    38
Dodge: Dodged            |    13 |    15 |    12 ||    40
Block: Buckler           |       |       |     2 ||     2

Table legend: (Time is in decaauts)
 A = Elapsed time spent in this place.
 B = Non-inter-level travel time spent in this place.
 C = Inter-level travel time spent in this place.
 D = Time resting spent in this place.
 E = Time spent auto-exploring this place.
 F = Levels seen in this place.
 G = Mean time per level.
                   A        B        C        D        E       F      G
               +--------+--------+--------+--------+--------+-----+--------+
         Total |   6888 |   6561 |    327 |   2458 |   2619 |   8 |  861.0 |
       Dungeon |   6835 |   6516 |    319 |   2458 |   2576 |   7 |  976.4 |
        Temple |     52 |     44 |      8 |      0 |     43 |   1 |   52.0 |
               +--------+--------+--------+--------+--------+-----+--------+

Top non-repeatable levels by time:
     D:1: 1529 daAuts
     D:5: 1300 daAuts
     D:6: 1211 daAuts
     D:3: 990 daAuts
     D:2: 963 daAuts
     D:4: 608 daAuts
     D:7: 231 daAuts
  Temple: 52 daAuts
